 Dungeon Crawl Stone Soup version 0.27.1-4-g1640c2035a (webtiles) character file.

Game seed: 13868728267880509592

146 styxcanada the Sneak (level 5, -1/26 HPs)
             Began as a Spriggan Brigand on Nov 10, 2021.
             Killed from afar by Natasha (4 damage)
             ... with a magic dart
             ... on level 3 of the Dungeon on Nov 11, 2021.
             The game lasted 00:14:06 (3662 turns).

styxcanada the Sneak (Spriggan Brigand)             Turns: 3662, Time: 00:14:07

Health: -1/26      AC:  3    Str:  7    XL:     5   Next: 7%
Magic:  15/15      EV: 18    Int: 12    God:
Gold:   148        SH:  0    Dex: 18    Spells: 4/4 levels left

rFire    . . .     SeeInvis +   m - +0 hunting sling
rCold    . . .     Faith    .   (shield restricted)
rNeg     . . .     Spirit   .   b - +0 robe
rPois    .         Reflect  .   (helmet restricted)
rElec    .         Harm     .   c - +0 cloak
rCorr    .         Rampage  .   (gloves unavailable)
Will     .....                  (boots unavailable)
Stlth    ++++......             (no amulet)
HPRegen  0.08/turn              p - ring of magical power
MPRegen  0.14/turn              (no ring)

@: very quick
A: very small, no large weapons, unfitting armour, see invisible, speed 3
a: no special abilities


You were on level 3 of the Dungeon.
You visited 1 branch of the dungeon, and saw 3 of its levels.

You collected 148 gold pieces.

Inventory:

Hand Weapons
 a - a +2 dagger
 m - a +0 hunting sling (weapon)
Missiles
 e - a curare-tipped dart
 n - 2 poisoned darts
 o - 20 sling bullets
 q - 38 stones (quivered ammo)
Armour
 b - a +0 robe (worn)
 c - a +0 cloak (worn)
Jewellery
 p - a ring of magical power (left hand)
Scrolls
 d - a scroll of torment {unknown}
 f - 3 scrolls of teleportation {unknown}
 k - a scroll of vulnerability {unknown}
 r - a scroll of noise {unknown}
Potions
 g - 2 potions of flight {unknown}
 h - 3 potions of magic {unknown}
 i - 2 potions of haste {unknown}
 j - 3 potions of heal wounds {unknown}
 l - a potion of curing {unknown}


   Skills:
 * Level 2.3 Fighting
 + Level 2.8 Short Blades
 + Level 0.1(1.7) Slings
 + Level 2.3 Throwing
 * Level 2.8 Dodging
 * Level 7.9 Stealth


You had 4 spell levels left.
You didn't know any spells.
Your spell library contained the following spells:

 Spells                   Type           Power      Damage    Failure   Level
 Slow                     Hex            0%         N/A       45%         2
 Confusing Touch          Hex            0%         N/A       69%         3
 Yara's Violent Unravell  Hex/Tmut       0%         3d3       100%        5


Dungeon Overview and Level Annotations

Branches:
Dungeon (3/15)

Altars:

Annotations:
D:3 2 transporters, Natasha; bellerephron's ghost, amateur DsFi


Innate Abilities, Weirdness & Mutations

You are very small and have problems with some larger weapons.
You are too small for most types of armour.
You have supernaturally acute eyesight. (SInv)
You cover ground extremely quickly. (Speed+++)


Message History

Really attack while wielding your +0 hunting sling? [Y]es or [N]o only, please.
Really attack while wielding your +0 hunting sling? [Y]es or [N]o only, please.
Really attack while wielding your +0 hunting sling? [Y]es or [N]o only, please.
Really attack while wielding your +0 hunting sling? [Y]es or [N]o only, please.
Really attack while wielding your +0 hunting sling? [Y]es or [N]o only, please.
Really attack while wielding your +0 hunting sling?
Okay, then.
Unknown command.
Okay, then.
Fire: 40 stones
Press: ? - help, Q - select action, (/) - cycle Shift-Dir - straight line, f - kobold
Aim: a kobold, wielding a +0 club (55% to hit)
You shoot a stone. The frilled lizard hisses angrily.
The stone hits the kobold but does no damage.
There is an open door here.
The hobgoblin shouts!
Fire: 39 stones
Press: ? - help, Q - select action, (/) - cycle Shift-Dir - straight line, f/p - kobold
Aim: a kobold, wielding a +0 club (55% to hit)
You shoot a stone. The stone hits the kobold.
You kill the kobold!
Things that are here:
a +0 dagger; a +0 scale mail Natasha hisses angrily.
Things that are here:
a +0 club; a +0 scale mail; an orc corpse Natasha stares at you and mumbles some strange words.
The magic dart hits you.
* * * LOW HITPOINT WARNING * * *
Things that are here:
a +0 club; a +0 scale mail; an orc corpse Natasha casts a spell at you.
The magic dart hits you.
You die...

........# ####.##.##########
..J.....# #.....#.# #...
........# #...>.#.# #...
.......#########.....#.# #...
.......#........######.# #...
.......#.##...#.######.#######...
.......#.##...#<.......#.........
....©.....#...#.####.###.#####...
#########.....l.@.)h...#.....#.##
#8.....8##....#........#.........
........S#....###########....#.##
.##...##W#.#(#################.##
.# ...##.#..........#..........##
....©...g#..l..l...$#.######.#.##
.##. .##.#..........#.# #..... .#
..##.#.(.(......#.########.##
©........#...B......#.##.......).


You could see Natasha and a frilled lizard.

Vanquished Creatures
  An orc wizard (D:3)
  4 gnolls (D:3)
  An adder (D:3)
  An adder zombie (D:1)
  2 worms (D:2)
  3 dart slugs
  3 orcs (D:3)
  4 ball pythons
  4 endoplasms
  A giant cockroach (D:2)
  5 goblins
  3 hobgoblins
  7 kobolds
  A quokka (D:2)
  5 bats
  3 frilled lizards
  A giant cockroach zombie (D:1)
  7 rats
56 creatures vanquished.

Notes
Turn   | Place    | Note
-------+----------+-------------------------------------------
     0 | D:1      | styxcanada the Spriggan Brigand began the quest for the
                  | Orb.
     0 | D:1      | Reached XP level 1. HP: 10/10 MP: 2/2
    26 | D:1      | Reached skill level 6 in Stealth
   288 | D:1      | Reached XP level 2. HP: 13/15 MP: 3/3
   921 | D:1      | Reached XP level 3. HP: 16/18 MP: 4/4
  1339 | D:2      | Reached skill level 7 in Stealth
  1851 | D:2      | You fall into a shaft and drop 1 floor!
  1895 | D:3      | Found a transporter.
  1897 | D:3      | Found a transporter.
  1897 | D:3      | Noticed bellerephron's ghost (amateur DsFi)
  1898 | D:3      | Noticed Natasha
  1990 | D:3      | Reached XP level 4. HP: 23/23 MP: 5/5
  2999 | D:3      | Reached XP level 5. HP: 13/26 MP: 6/6
  3662 | D:3      | Killed from afar by Natasha

Illustrated notes

Levels and vault maps discovered:
D:1:      saegor_arrival_fortress, layout_basic
D:2:      layout_basic
D:3:      layout_basic, gammafunk_ghost_arena, uniq_natasha

Skill      XL: |  1  2  3 |
---------------+----------+-----
Stealth        | 6 7 |  7.9
Dodging        | 2 |  2.8
Fighting       | 2 |  2.3
Short Blades   | |  2.8
Slings         | |  0.1
Throwing       | |  2.3

Action                   |  1- 3 |  4- 6 || total
-------------------------+-------+-------++-------
Melee: Dagger            |   112 |    51 ||   163
 Fire: Hunting sling     |       |    23 ||    23
Throw: Dart              |    14 |     8 ||    22
       Stone             |       |     2 ||     2
 Stab: Sleeping          |    12 |     5 ||    17
Armor: Robe              |    12 |     4 ||    16
Dodge: Dodged            |    79 |    29 ||   108
